 Dungeon Crawl Stone Soup version 0.29.1-2-gbd0b4ee654 (webtiles) character file.

Game seed: 5661979595995409094

35 GeoRichter the Slasher (level 3, -1/21 HPs)
             Began as a Vampire Gladiator on Nov 15, 2022.
             Slain by Terence
             ... wielding a +0 mace
              (9 damage)
             ... on level 2 of the Dungeon.
             The game lasted 00:01:55 (1043 turns).

GeoRichter the Slasher (Vampire Gladiator)          Turns: 1043, Time: 00:01:56

Health: -1/21      AC:  4    Str: 13    XL:     3   Next: 16%
Magic:  12/12      EV: 17    Int: 10    God:
Gold:   68         SH:  0    Dex: 17    Spells: 2/2 levels left

rFire   . . .      SeeInvis +   a - +0 long sword
rCold   + + .      Faith    .   (no shield)
rNeg    + + +      Spirit   .   b - +0 leather armour
rPois   ∞          Reflect  .   c - +0 helmet
rElec   .          Harm     .   (no cloak)
rCorr   .          Rampage  .   (no gloves)
Will    .....                   (no boots)
Stlth   +++.......              (no amulet)
HPRegen 0.00/turn               i - +4 ring of evasion
MPRegen 0.13/turn               f - ring of magical power

@: bloodless, inhibited regen
A: bloodless, fangs 3, see invisible, vampiric 2
a: Bat Form, Revivify


You were on level 2 of the Dungeon.
You visited 1 branch of the dungeon, and saw 2 of its levels.

You collected 68 gold pieces.

Inventory:

Hand Weapons
 a - a +0 long sword (weapon)
Missiles
 d - 3 throwing nets (quivered) {!f}
 e - 2 javelins
Armour
 b - a +0 leather armour (worn)
 c - a +0 helmet (worn)
Jewellery
 f - a ring of magical power (right hand)
   (You found it on level 1 of the Dungeon)
 i - a +4 ring of evasion (left hand)
   (You found it on level 1 of the Dungeon)
Potions
 g - a potion of berserk rage {unknown}
 h - a potion of cancellation {unknown}


   Skills:
 - Level 1.7 Fighting
 * Level 3.9 Long Blades
 - Level 1.5 Throwing
 + Level 3.8 Dodging


You had 2 spell levels left.
You didn't know any spells.
Your spell library contained the following spells:

 Spells                   Type           Power      Damage    Failure   Level
 Shock                    Conj/Air       0%         1d3       43%         1
 Swiftness                Air            0%         N/A       82%         3
 Airstrike                Air            0%         2d(0-16)  99%         4


Dungeon Overview and Level Annotations

Branches:
Dungeon (2/15) Zot: 10942

Altars:

Annotations:
D:2 Terence


Innate Abilities, Weirdness & Mutations

You do not regenerate when monsters are visible.
You are frail without blood (-20% HP).
You can heal yourself when you bite living creatures.
You are immune to poison.
You have razor-sharp teeth.
You have supernaturally acute eyesight. (SInv)
You are afflicted with vampirism and can become a bat while bloodless.


Message History

You open the door.
There is an open door here.
Done exploring.
Done exploring.
Done exploring.
There is a stone staircase leading down here.
You climb downwards.
There is a stone staircase leading up here.
Terence the Incautious comes into view.
He is wielding a +0 mace.
A goblin comes into view. It is wielding a +0 club.
A worm comes into view. 2 goblins come into view.
You barely miss the goblin. The goblin misses you.
You slash the goblin!
You kill the goblin!
You see here a +0 club.
You hit the worm. You hit the worm. The worm misses you.
You slash the worm!
You kill the worm!
No target in view!
You see here a worm corpse.
A ball python comes into view.
You see here a worm corpse.
The ball python hisses angrily.
You closely miss the ball python. The ball python misses you. x2
You closely miss the ball python. The ball python bites you.
The ball python misses you.
You hit the ball python but do no damage.
The ball python bites you but does no damage.
The ball python completely misses you. The ball python closely misses you.
The ball python completely misses you.
You slash the ball python!
You kill the ball python!
You see here a worm corpse.
You start resting.
Throw: 3 javelins
Aim: Terence, wielding a +0 mace and wearing a +0 scale mail (asleep, 98% to hit)
You throw a javelin. The javelin pierces through Terence.
You hear a shout!
You see here a worm corpse.
You see here a +0 club.
You hit Terence but do no damage. Terence hits you with a +0 mace.
You barely miss Terence. Terence hits you with a +0 mace.
You hit Terence but do no damage. Terence closely misses you.
You hit Terence. Terence hits you with a +0 mace!
* * * LOW HITPOINT WARNING * * *
Terence shouts, "Get ready for death!"
Terence hits you with a +0 mace!
You die...

..... #..#
+#.
#..####...(.
#.....@.....
#..#####.g..
#†.######. .
#g........
#@########
#########@#
.......<..#
###########


You could see Terence and a goblin.

Vanquished Creatures
  A worm (D:2)
  A dart slug (D:1)
  3 ball pythons
  2 endoplasms (D:1)
  2 giant cockroaches (D:1)
  2 goblins
  A hobgoblin (D:1)
  2 jackals (D:1)
  3 quokkas (D:1)
  4 frilled lizards (D:1)
  4 kobolds (D:1)
  3 rats (D:1)
28 creatures vanquished.

Notes
Turn   | Place    | Note
-------+----------+-------------------------------------------
     0 | D:1      | GeoRichter the Vampire Gladiator began the quest for the
                  | Orb.
     0 | D:1      | Reached XP level 1. HP: 16/16 MP: 1/1
   145 | D:1      | Found a faded altar of an unknown god.
   198 | D:1      | Reached XP level 2. HP: 15/17 MP: 2/2
   889 | D:1      | Gained mutation: You are afflicted with vampirism and can
                  | become a bat while bloodless. [Vampire growth]
   889 | D:1      | Reached XP level 3. HP: 21/21 MP: 3/3
   981 | D:2      | Noticed Terence
  1043 | D:2      | Slain by Terence

Illustrated notes

Levels and vault maps discovered:
D:1:      sevenhm_arrival_forest_fort_small_3, layout_basic,
          chequers_ecumenical_altar_simple_redux
D:2:      layout_loops_ring, serial_shops, nicolae_shop_hallway_plus,
          nicolae_shop_behind_doors, nicolae_shop_stone, uniq_terence,
          uniq_robin, uniq_jessica

Action                   || total
-------------------------++-------
Melee: Long sword        ||    64
       Bite              ||     4
Throw: Javelin           ||     1
 Abil: Exsanguinate      ||     1
 Stab: Sleeping          ||     9
Armor: Leather armour    ||    10
Dodge: Dodged            ||    31
